AoeStats
← Red Calypso

Arena

507518484Analyzed
4v4 RM · 14d ago on Sep 18, 2026· 38m 58s· 8 players
Game mode
Random Map
Map size
Large (8 player)
Population
200
Speed
Normal
Resources
Standard
Victory
Conquest
Starting age
Dark Age
Ending age
Imperial Age
RankedLock teamsTeams togetherTeam positionsShared explorationLock speedFull tech treeHidden civsTurbo modeCheats
Victory
Defeat
🇩🇪 Cumans · Germany
1490
+8
🇩🇪 Goths · Germany
1467
+9
🇦🇹 Italians · Austria
1422
+10
🇩🇪 Britons · Germany
1227
+17
🇩🇪 Bohemians · Germany
1320
-12
🇧🇦 Goths · Bosnia & Herzegovina
1306
-12
🇺🇸 Hindustanis · United States
1265
-10
🇹🇼 Mongols · Taiwan
1262
-10
Valhalla9
10:39 Feudal Age
9:49 Loom
9:57 Loom
11:22 Double-Bit Axe
18:04 Castle Age
17:35 Scale Mail Armor
18:10 Stone Mining
20:08 Wheelbarrow
19:31 Gold Mining
21:40 Squires
21:26 Arson
24:02 Forging
28:25 Scale Barding Armor
28:33 Husbandry
29:36 Bloodlines
30:13 Horse Collar
30:47 Bow Saw
36:06 Imperial Age
35:37 Iron Casting
36:33 Heavy Camel Rider
38:47 Conscription
40:08 Blast Furnace
39:29 Chain Barding Armor
39:25 Chain Mail Armor
魂魄妖喵
10:55 Feudal Age
15:19 Castle Age
14:23 Double-Bit Axe
14:26 Horse Collar
15:17 Gold Mining
15:32 Loom
16:55 Fletching
17:06 Padded Archer Armor
19:51 Thumb Ring
24:37 Nomads
25:55 Bow Saw
33:09 Bodkin Arrow
33:29 Leather Archer Armor
Baratticus
10:26 Feudal Age
12:05 Loom
15:09 Castle Age
13:24 Double-Bit Axe
13:31 Horse Collar
17:51 Bow Saw
23:13 Fervor
23:33 Heavy Plow
26:05 Wheelbarrow
26:37 Pikeman
28:27 Squires
30:29 Hand Cart
33:36 Imperial Age
35:01 Chemistry
38:13 Halberdier
1godi
10:28 Feudal Age
14:08 Castle Age
13:58 Double-Bit Axe
13:54 Horse Collar
15:34 Bow Saw
15:29 Heavy Plow
21:08 Gold Mining
23:31 Wheelbarrow
23:30 Stone Mining
23:49 Pikeman
25:47 Scale Mail Armor
25:09 Pikeman
29:23 Imperial Age
26:39 Loom
27:18 Squires
27:57 Chain Mail Armor
27:52 Forging
29:09 Hand Cart
30:37 Iron Casting
31:22 Two-Man Saw
30:53 Crop Rotation
31:21 Anarchy
30:43 Elite Huskarl
31:43 Conscription
32:53 Blast Furnace
31:52 Town Watch
32:34 Man-at-Arms
33:21 Long Swordsman
Red Calypso
11:11 Feudal Age
12:26 Loom
14:44 Castle Age
13:39 Double-Bit Axe
17:43 Fletching
18:41 Gold Mining
25:49 Imperial Age
25:08 Padded Archer Armor
27:40 Bodkin Arrow
28:48 Chemistry
28:09 Ballistics
28:52 Horse Collar
29:11 Stone Mining
29:49 Bracer
34:50 Leather Archer Armor
37:17 Conscription
37:23 Conscription
37:27 Bow Saw
37:19 Heavy Plow
37:40 Murder Holes
39:48 Two-Man Saw
39:59 Wheelbarrow
vR-MrReD
5:54 Loom
8:58 Feudal Age
9:48 Double-Bit Axe
11:09 Wheelbarrow
16:59 Gold Mining
16:54 Horse Collar
22:01 Castle Age
21:11 Scale Barding Armor
21:16 Forging
21:51 Bloodlines
23:09 Chain Barding Armor
24:27 Iron Casting
33:49 Imperial Age
31:31 Stone Mining
32:20 Bow Saw
34:23 Gold Shaft Mining
33:59 Heavy Plow
33:50 Cavalier
35:08 Plate Barding Armor
35:33 Blast Furnace
35:48 Two-Man Saw
36:01 Crop Rotation
34:58 Light Cavalry
36:39 Conscription
36:26 Paladin
LukasPlanet
10:56 Feudal Age
14:36 Castle Age
13:01 Double-Bit Axe
13:24 Horse Collar
16:40 Bow Saw
16:38 Heavy Plow
18:17 Loom
22:17 Wheelbarrow
22:20 Gold Mining
22:47 Gold Mining
23:29 Hand Cart
27:46 Imperial Age
25:22 Stone Mining
25:55 Scale Mail Armor
26:58 Stone Shaft Mining
27:01 Chain Mail Armor
26:56 Forging
28:25 Squires
28:32 Town Watch
29:26 Iron Casting
28:43 Fletching
28:23 Pikeman
28:24 Man-at-Arms
30:07 Two-Man Saw
29:39 Crop Rotation
29:44 Town Patrol
30:18 Anarchy
31:38 Blast Furnace
31:02 Conscription
30:15 Long Swordsman
30:15 Halberdier
31:30 Conscription
33:09 Perfusion
33:03 Elite Huskarl
33:25 Long Swordsman
34:48 Long Swordsman
35:17 Two-Handed Swordsman
35:47 Champion
37:49 Guilds
38:09 Coinage
37:53 Masonry
38:08 Ballistics
37:44 Bodkin Arrow
Secret_jed
7:18 Loom
11:07 Feudal Age
14:44 Castle Age
13:48 Fletching
14:54 Double-Bit Axe
16:22 Bodkin Arrow
21:02 Bow Saw
23:45 Wheelbarrow
24:33 Horse Collar
30:41 Hand Cart
38:00 Imperial Age
36:43 Ballistics
Connection lost

Rejoining the realm…

Still unreachable

The connection could not be restored.

Session expired

The server has moved on; the page needs a fresh start.